Cogmind - Beta 10.1 @@@ ROGUE MODE // 2020.09.22 @ 11:31:27 Player: 3.14 Result: Self-destructed Performance ------------- Evolutions (1) 500 Regions Visited (3) 600 Robots Destroyed (1) 5 Value Destroyed (6) 6 Prototype IDs (0) 0 Alien Tech Used (0) 0 Bonus (200) 200 TOTAL SCORE: 1311 Bonus ------- Pacifist 200 Cogmind --------- Core Integrity 299/400 Matter 300/300 Energy 100/100 System Corruption 0% Temperature Cool (0) Movement Core (50) Location -9/Mines Parts ------- > --- POWER (1) -------- (None) > --- PROPULSION (4) --- Light Treads Improved Treads Improved Treads Improved Treads > --- UTILITY (2) ------ Visual Processing Unit > --- WEAPON (2) ------- (None) > --- INVENTORY (4) ---- High-capacity Matter Pod (200) High-capacity Matter Pod (200) Rocket Launcher Mining Laser Peak State ------------ > --- POWER ------------ (None) > --- PROPULSION ------- Light Treads Improved Treads Improved Treads Improved Treads > --- UTILITY ---------- Visual Processing Unit > --- WEAPON ----------- Small Laser Light Assault Rifle > --- INVENTORY -------- Rocket Launcher Mining Laser [Rating: 11] Favorites ----------- Power None Propulsion Light Treads Treads Light Treads Utility Visual Processing Unit Processor Visual Processing Unit Weapon Light Assault Rifle Energy Gun Small Laser Ballistic Gun Light Assault Rifle Build | -11 -10 -9 -9 ------- Run | Scr Mat Mat Min Slots Evolved 2 | . . 2 . Power . | . . . . Propulsion 2 | . . 2 . Utility . | . . . . Weapon . | . . . . Parts Attached 9 | 4 1 2 2 Power . | . . . . Engine . | . . . . Core . | . . . . Reactor . | . . . . Propulsion 6 | 2 . 2 2 Treads 6 | 2 . 2 2 Leg . | . . . . Wheel . | . . . . Hover . | . . . . Flight . | . . . . Utility 1 | . 1 . . Device . | . . . . Storage . | . . . . Processor 1 | . 1 . . Hackware . | . . . . Protection . | . . . . Artifact . | . . . . Weapon 2 | 2 . . . Energy Gun 1 | 1 . . . Energy Cannon . | . . . . Ballistic Gun 1 | 1 . . . Ballistic Cannon . | . . . . Launcher . | . . . . Special Weapon . | . . . . Impact Weapon . | . . . . Slashing Weapon . | . . . . Piercing Weapon . | . . . . Special Melee Weapon . | . . . . Unidentified Prototypes . | . . . . Parts Lost 2 | . . . 2 Power . | . . . . Propulsion . | . . . . Utility . | . . . . Weapon 2 | . . . 2 Highest Loss Streak 2 | . . . 2 Average Slot Usage (%) 72 | . 60 77 75 Treads 40 | . 28 44 44 Processor 9 | . 3 11 11 Energy Gun 11 | . 14 11 10 Ballistic Gun 11 | . 14 11 9 Naked Turns . | . . . . Heaviest Build 2 | 2 2 2 2 Greatest Support 46 | 40 3 3 46 Greatest Overweight (x) . | . . . . Average Overweight (x) . | . . . . Largest Inventory Capacity 4 | 4 4 4 4 Average Capacity 4 | 4 4 4 4 Most Carried 4 | 4 4 3 4 Average Carried 3 | 1 3 2 3 Final Capacity 4 | 4 4 4 4 Final Carried 4 | 4 4 3 4 Class Distribution -------------------- 100% | Mutant Dominant Class ---------------- Mutant | -10/Materials Mutant | -9/Materials Mutant | -9/Mines Resources | -11 -10 -9 -9 ----------- Run | Scr Mat Mat Min Matter Collected 318 | 237 . 21 60 Remotely . | . . . . Salvage Created 100 | . . . 100 Parts 2 | . . . 2 Haulers Intercepted . | . . . . Recyclers Shooed . | . . . . Parts Field Recycled . | . . . . Retrieved Matter . | . . . . Parts Self-Destructed . | . . . . Prevented . | . . . . Kills | -11 -10 -9 -9 ------- Run | Scr Mat Mat Min Combat Hostiles Destroyed . | . . . . Classes Destroyed 1 | . . . 1 Recycler 1 | . . . 1 Best Kill Streak 1 | . . . 1 Combat Bots Only . | . . . . Max Kills in Single Turn 1 | . . . 1 Gunslinging . | . . . . Exploded . | . . . . Melee . | . . . . Uniques/NPCs Destroyed . | . . . . Combat | -11 -10 -9 -9 -------- Run | Scr Mat Mat Min Damage Taken 489 | . . 340 149 Core 101 | . . 83 18 Absorbed by Shields . | . . . . Core Remaining (%) 100 | 100 100 . . Volleys Fired . | . . . . Largest . | . . . . Hottest . | . . . . Shots Fired . | . . . . Gun . | . . . . Cannon . | . . . . Launcher . | . . . . Special . | . . . . Kinetic . | . . . . Thermal . | . . . . Explosive . | . . . . Electromagnetic . | . . . . Robot Hit Streak . | . . . . Robot Miss Streak . | . . . . Penetration Max . | . . . . Secondary Targets . | . . . . Shots Hit Robots . | . . . . Core Hits 2 | . . 1 1 Critical Hits . | . . . . Critical Kills . | . . . . Critical Parts Destroyed . | . . . . Melee Attacks . | . . . . Impact . | . . . . Slashing . | . . . . Piercing . | . . . . Sneak Attacks . | . . . . Combat Hostiles . | . . . . Follow-up Attacks . | . . . . Damage Inflicted 43 | . . 13 30 Guns . | . . . . Cannons . | . . . . Explosions . | . . . . Melee . | . . . . Ramming 43 | . . 13 30 Kinetic . | . . . . Thermal . | . . . . Explosive . | . . . . Electromagnetic . | . . . . Impact . | . . . . Slashing . | . . . . Piercing . | . . . . Highest Corruption . | . . . . Average Corruption . | . . . . Corruption Purged . | . . . . Overload Shots . | . . . . Overflow Damage . | . . . . Projectiles . | . . . . Explosions . | . . . . Melee . | . . . . Knockbacks . | . . . . Impact . | . . . . Kinetic . | . . . . Secondary . | . . . . Self-Inflicted Damage 20 | . . 6 14 Shots . | . . . . Rammed 8 | . . 3 5 Targets Rammed 8 | . . 3 5 Kicked . | . . . . Crushed . | . . . . Highest Temperature . | . . . . Average Temperature . | . . . . Received Heat Transfer 156 | . . 156 . Siege Activations . | . . . . Robots Corrupted . | . . . . Combat Hostiles . | . . . . Parts Fried . | . . . . Impact Corruptions . | . . . . Robots Melted . | . . . . Combat Hostiles . | . . . . Parts Melted . | . . . . Heat Transferred . | . . . . Parts Sabotaged . | . . . . Parts Stolen . | . . . . Parts Stripped . | . . . . Power Chain Reactions . | . . . . Missiles Intercepted . | . . . . Alert | -11 -10 -9 -9 ------- Run | Scr Mat Mat Min Peak Influence 111 | . 35 111 43 Initial 43 | . . 14 43 Average 36 | . 20 64 41 Maximum Alert Level . | . . . . Low Security (%) 100 | 100 100 100 100 Level 1 . | . . . . Level 2 . | . . . . Level 3 . | . . . . Level 4 . | . . . . Level 5 . | . . . . High Security . | . . . . Max Security . | . . . . Squads Dispatched 1 | . 1 . . Investigation . | . . . . Extermination . | . . . . Reinforcement 1 | . 1 . . Assault . | . . . . Garrison . | . . . . Intercept . | . . . . Construction Impeded . | . . . . Haulers Reinforced . | . . . . Stealth | -11 -10 -9 -9 --------- Run | Scr Mat Mat Min Distress Signals . | . . . . Communications Jammed . | . . . . Distress Signals . | . . . . Times Spotted 14 | . 1 7 6 Peak Tracking Total 7 | . 1 7 3 Tactical Retreats 2 | . . . 2 Traps | -11 -10 -9 -9 ------- Run | Scr Mat Mat Min Traps Triggered . | . . . . Indirectly . | . . . . Trap Hack Attempts . | . . . . Triggered . | . . . . Disarmed . | . . . . Reprogrammed . | . . . . Reused . | . . . . Traps Extracted . | . . . . Installed . | . . . . Triggered . | . . . . Machines | -11 -10 -9 -9 ---------- Run | Scr Mat Mat Min Machines Disabled . | . . . . Max in Single Turn . | . . . . Machines Sabotaged . | . . . . Garrisons Compromised . | . . . . Overloaded Fab Kills . | . . . . Fab Network Shutdowns . | . . . . Hacking | -11 -10 -9 -9 --------- Run | Scr Mat Mat Min Machines Accessed 4 | . 2 2 . Terminals 4 | . 2 2 . Fabricators . | . . . . Repair Stations . | . . . . Recycling Units . | . . . . Scanalyzers . | . . . . Garrison Access . | . . . . Total Hacks 16 | . 8 8 . Successful 11 | . 6 5 . Failed 5 | . 2 3 . Catastrophic . | . . . . Database Lockouts . | . . . . Manual 16 | . 9 7 . Terminals 16 | . 8 8 . Fabricators . | . . . . Repair Stations . | . . . . Recycling Units . | . . . . Scanalyzers . | . . . . Garrison Access . | . . . . Terminal Hacks 4 | . 2 2 . Terminal Index 2 | . 1 1 . Locate Traps 1 | . . 1 . Zone Layout 1 | . 1 . . Fabricator Hacks . | . . . . Repair Station Hacks . | . . . . Recycling Unit Hacks . | . . . . Scanalyzer . | . . . . Garrison Access Hacks . | . . . . Unauthorized Hacks 7 | . 4 3 . Terminals 7 | . 4 3 . Track 4 | . 2 2 . Botnet 1 | . 1 . . Operators 2 | . 1 1 . Fabricators . | . . . . Repair Stations . | . . . . Recycling Units . | . . . . Scanalyzers . | . . . . Garrison Access . | . . . . Data Cores Recovered . | . . . . Used . | . . . . Hacking Detections 4 | . 2 2 . Full Trace Events . | . . . . Feedback Events . | . . . . Feedback Blocked . | . . . . Robot Schematics Acquired . | . . . . Robots Built . | . . . . Matter . | . . . . Time . | . . . . Total Robot Build Rating . | . . . . Part Schematics Acquired . | . . . . Parts Built . | . . . . Matter . | . . . . Time . | . . . . Total Part Build Rating . | . . . . Parts Repaired . | . . . . Time . | . . . . Parts Recycled . | . . . . Recycled Matter . | . . . . Retrieved Matter . | . . . . Retrieved Components . | . . . . Parts Scanalyzed . | . . . . Part Schematics Acquired . | . . . . Parts Damaged . | . . . . Bothacking | -11 -10 -9 -9 ------------ Run | Scr Mat Mat Min Used RIF Installer . | . . . . Robots Hacked . | . . . . Non-combat . | . . . . Combat . | . . . . Robot Hacks Applied . | . . . . Relay Couplers Released . | . . . . Robots Rewired . | . . . . Allies Hacked . | . . . . Hacks Repelled . | . . . . Allies | -11 -10 -9 -9 -------- Run | Scr Mat Mat Min Total Allies . | . . . . Largest Group . | . . . . Highest-Rated Group . | . . . . Highest-Rated Ally . | . . . . Total Orders . | . . . . Ally Attacks . | . . . . Total Damage . | . . . . Kills . | . . . . Allies Corrupted . | . . . . Allies Melted . | . . . . Intel | -11 -10 -9 -9 ------- Run | Scr Mat Mat Min Robot Analysis Total . | . . . . Derelict Logs Recovered 3 | . . . 3 Drone Launches . | . . . . Drone Recoveries . | . . . . Exploration | -11 -10 -9 -9 ------------- Run | Scr Mat Mat Min Turns Passed 550 | 60 115 82 293 Spaces Moved 717 | 53 126 132 406 Core 656 | 32 126 132 366 Treads 61 | 21 . . 40 Legs . | . . . . Wheels . | . . . . Hover . | . . . . Flight . | . . . . Fastest Speed 50 | 50 50 50 50 Average Speed 59 | 93 50 50 60 Slowest Speed 160 | 160 50 50 160 Overloaded Moves . | . . . . Propulsion Burnouts . | . . . . Robots Hopped . | . . . . Cave-ins Triggered . | . . . . Exploration Rate (%) 34 | 4 28 25 81 Regions Visited 3 Branch Regions 1 Pre-discovered Areas 1 | . . . 1 Known Exits Taken . | . . . . Unknown Exits Taken 3 | 1 1 1 . Scrap Searched . | . . . . Spaces Dug . | . . . . Terrain Destroyed . | . . . . Melee . | . . . . Projectile . | . . . . AOE . | . . . . Terrain Rammed . | . . . . Walls Destroyed . | . . . . Machines Disabled . | . . . . Actions | -11 -10 -9 -9 --------- Run | Scr Mat Mat Min Total 836 | 60 178 146 452 Wait 87 | . 44 9 34 Move 714 | 52 125 131 406 Hop . | . . . . Pick Up 12 | 4 4 1 3 Fast Attach 5 | 4 1 . . Attach 4 | . . 2 2 Detach . | . . . . Swap . | . . . . Drop 6 | . 4 . 2 Fire . | . . . . Melee . | . . . . Ram 7 | . . 2 5 Kick . | . . . . Crush 1 | . . 1 . Escape Stasis . | . . . . Rewire . | . . . . Trap . | . . . . Miscellaneous . | . . . . Route ------- -11/Scrapyard -10/Materials -9/Materials -9/Mines (discovered 1 exit: [*Mat]) History --------- Turn | Location | Event 33 | -11/Scrapyard | Discovered new exit (range 16) 61 | -11/Scrapyard | Entered Materials 166 | -10/Materials | Discovered new exit (range 18) 176 | -10/Materials | Entered another Materials area 176 | -9/Materials | Evolved 2 slots: Propulsion x2 247 | -9/Materials | Discovered new exit (range 18) 258 | -9/Materials | Entered Mines 277 | -9/Mines | Learned Materials non-interactive machine intel 298 | -9/Mines | Learned location of Zion (-7) 312 | -9/Mines | Build established: Mutant 322 | -9/Mines | Received a Rocket Launcher from a helpful Derelict 328 | -9/Mines | Discovered new exit (range 5) 526 | -9/Mines | Learned Materials terminal intel 551 | -9/Mines | Self-destructed Last Messages --------------- 00445_ Acquired Hcp. Matter Pod. 00446_ Extracted 20 matter. 00448_ Acquired Hcp. Matter Pod. 00452_ Extracted 20 matter. 00463_ K-01 Serf collects debris. 00463_ R-06 Scavenger collects Imp. Treads. 00466_ K-01 Serf collects debris. 00468_ R-06 Scavenger collects Lgt. Treads. 00499_ K-01 Serf collects debris. 00526_ Acquired derelict log, extracted data. Data stored: Materials terminal intel. 00528_ Lgt. Assault Rifle destroyed. 00533_ Slammed into S-10 Pest. 00534_ Imp. Treads permanently disabled. 00534_ Destabilizing: Short circuit. 00534_ Sml. Laser destroyed. 00535_ Slammed into S-10 Pest. 00540_ K-01 Serf collects debris. 00550_ Slammed into R-06 Scavenger. 00550_ R-06 Scavenger destroyed. Map ----- +----------------------------------------------------+ | ?????## #??????#?????????????????????????? | | ????## #????????????????????????????????? | | ????# ##????????????????????????????????? | | ????# ##?????????????????????????????????? | | ????## ########## #??????????????????????? | | ?????### #??????????????????????? | | ???????## #??????????????????????? | | ????????## ########## #??????????????????????? | | ?????????## #?????????????????????????????????? | | ???????##### ##?????????????????????????????????? | | ???????# #??????????????????????????????????? | | ???????# ### #??????????????????????????????????? | | ???????# #?# ######????????????#?###????????????? | | ???????# #?# #???????????? #????????????? | | ##???### #?# #????????????? #????????????? | | ##??# #?###### #?????????????# #????????????? | | #??# ###??????# ####??????????# #????????????? | | ##?# #????????# #??????????# #????????????? | | ### #????????#### ####???????# ###??????????? | | #???????????# ##??????# ##?????????? | | ######???????###### ######## ##????????? | | ##????????????# ## """ #########? | | ##?????????????# !!! ## #### """ ## | | #??????????????# ! !% """ # | | ???????????????# !!!! ##=##### # | | ???????????????# ! ! ##@#???#### ## # | | ???????????????# ##=#??????########## | | ???????????????##########=#??################ | | ????????????????????????# #??# | | ????????????????????????# #??# | | ??????####??????????????# #??# ########## #### | | #????## ##???????????### #### #????????# #???### | | ##??## #??????????## #????????# #?????? | | #??# ##?????????# #????????# #?????? | | #??# ##???????## s######????????# #?????? | | ##???# ##?????## s##??????####### #?????? | | #????## ##????# ####???# % #?????? | | ####### #???# ### ##??# #####%#?????? | | #??# $ #??## #### #???#%#?????? | | #??#### ????# #???#%#?????? | | #### #?????# ???# ######???# #?????? | | ##?# ##?????#????# #?????#### ###???? | | #### ####???????????# #????# #???? | | ## ######??????????????# #???#""" #???? | | ## ##?????????????????# #??#""" #???? | | # < #?????????????????## #??#""" #???? | | # ##??????????????????#### ##??# #???? | | ## ##??????????????????????######???########???? | | ?#####???????????????????????????????????????????? | | ?????????????????????????????????????????????????? | +----------------------------------------------------+ Best States ------------- Heat Dissipation 28 Energy Generation 5 Energy Capacity 100 Matter Stores 300 Matter Capacity 300 Sight Range 18 Terrain Scan Density 10 Evasion (%) 50 Recoil Reduction 2 Item Schematics ----------------- None Robot Schematics ------------------ None Fabricated ------------ Nothing Alien Tech Used ----------------- None Achievements -------------- None Challenges ------------ None Game ------ Seed RegenerativeWaveScythe Manual? 0 Play Time 00:08:00 Cumulative 601.7 hours Start 2020.09.22 @ 11:25:31 End 2020.09.22 @ 11:31:27 Sessions 1 Manual Loads 0 Difficulty Rogue Special Mode None Game No. 930 Rogue 930 Adventurer 0 Explorer 0 Win Type - Total 56 Types 36/1/7/9/3/0/0/0/0 Lore% 93 Gallery% 93 Achievement% 82 Wizard Run 0 Options --------- ASCII 1 Keyboard 0 Movement Numpad Keybinds 0 Fullscreen 0 Font 14/SmallcapsGlow Map View 76x50 Tactical HUD 1 Map Filters NONE Filters NONE Steam 1 RUN: 1761fc85-78dc-448e-a7fc-eb2621079d67